 Dungeon Crawl Stone Soup version 0.31-a0-187-gba352fbbf7 (webtiles) character file.

Game seed: 15205100616442626781

42 qw the Shooter (level 3, 0/20 HPs)
             Began as a Deep Elf Hunter on June 22, 2023.
             Slain by a jackal (1 damage)
             ... on level 2 of the Dungeon.
             The game lasted 00:00:29 (1154 turns).

qw the Shooter (Deep Elf Hunter)                    Turns: 1154, Time: 00:00:29

Health: 0/20       AC:  5    Str: 10    XL:     3   Next: 33%
Magic:  5/5        EV: 11    Int: 13    God:
Gold:   131        SH:  0    Dex: 18    Spells: 2/2 levels left

rFire   . . .        Y - +0 shortbow
rCold   . . .        (shield currently unavailable)
rNeg    . . .        a - +0 ring mail
rPois   .            (no helmet)
rElec   .            (no cloak)
rCorr   .            (no gloves)
SInv    .            (no boots)
Will    .....        (no amulet)
Stlth   +            (no ring)
HPRegen 0.23/turn    (no ring)
MPRegen 0.09/turn

%: no passive effects
@: no status effects
A: no striking features
a: no special abilities


You were on level 2 of the Dungeon.
You visited 1 branch of the dungeon, and saw 3 of its levels.

You collected 131 gold pieces.


   Skills:
 - Level 1.5 Fighting
 + Level 6.9 Ranged Weapons
 - Level 2.4 Dodging
 - Level 1.2 Stealth


You had 2 spell levels left.
You didn't know any spells.
Your spell library was empty.

Inventory:

Hand Weapons
 Y - a +0 shortbow (weapon)
Armour
 a - a +0 ring mail (worn)
Potions
 b - a potion of brilliance {unknown}
 c - a potion of invisibility {unknown}
 e - a potion of enlightenment {unknown}
 f - a potion of degeneration {unknown}
 h - a potion of heal wounds {unknown}

Dungeon Overview and Level Annotations

Branches:
Dungeon (3/15)

Altars:


Message History

The adder barely misses you.
1149 ||| STAIRDANCE The jackal barely misses you.
The adder bites you but does no damage. The quokka bites you.
The adder bites you. The goblin hits you but does no damage.
You climb upwards.
There is a stone staircase leading down here.
Enter note:
Enter note:
Enter note:
Enter note:
Enter note:
Enter note:
Enter note:
Enter note:
Enter note: You shoot an arrow.
The arrow closely misses the adder.
The jackal barely misses you. The adder barely misses you.
The goblin hits you with a +0 dagger of speed.
The adder barely misses you. The quokka barely misses you.
The goblin hits you with a +0 dagger of speed.
The jackal closely misses you. The adder misses you.
The adder bites you but does no damage.
You shoot an arrow. The arrow barely misses the adder.
The quokka bites you but does no damage.
The jackal bites you.
The goblin hits you with a +0 dagger of speed.
The adder bites you but does no damage. x2; The quokka closely misses you.
The goblin misses you.
The jackal bites you but does no damage.
You shoot an arrow. The arrow closely misses the adder.
The adder closely misses you. The adder completely misses you.
The quokka completely misses you. The jackal barely misses you.
The goblin barely misses you. The adder barely misses you.
The adder bites you but does no damage.
The goblin hits you with a +0 dagger of speed.
You shoot an arrow. The arrow hits the adder.
The adder is moderately wounded.
The jackal bites you.
You die...

############ # #######......##..#
######.......####..#..#
.......######.........######
########## #..............#
...##....# #........##.##.##
##.##....# #........##.##..###
#..#....# #...S....##.###...#
##......# #..h@S...##.#####.##
###....#####..gr.####........#
#.....................##.#.##
#.##.###..............##....#
#.##.# #.<............####... ###
#.##.# #..)...........####.#.
..###.##.###.<..............##.#.
..##..##.#...................#.#.
..#..###.#.##..................%.


You could see 2 adders, a quokka, a jackal and a goblin.

Vanquished Creatures
  2 dart slugs
  6 endoplasms
  4 giant cockroaches
  2 goblins (D:1)
  5 hobgoblins
  2 jackals (D:3)
  A ball python (D:1)
  4 bats
  3 frilled lizards
  5 rats
34 creatures vanquished.

Notes
Turn   | Place    | Note
-------+----------+-------------------------------------------
     0 | D:1      | qw the Deep Elf Hunter began the quest for the Orb.
     0 | D:1      | Reached XP level 1. HP: 12/12 MP: 3/3
     0 | D:1      | 0 ||| qw: Version: 0.3-a-9-g12657ce
     0 | D:1      | 0 ||| qw: Game counter: 2358
     0 | D:1      | 0 ||| qw: Always use a shield: true
     0 | D:1      | 0 ||| qw: God list: Okawaru
     0 | D:1      | 0 ||| qw: Allow faded altars: false
     0 | D:1      | 0 ||| qw: Do Orc after D:15 true
     0 | D:1      | 0 ||| qw: Do second Lair branch before Depths: true
     0 | D:1      | 0 ||| qw: Lair rune preference: random
     0 | D:1      | 0 ||| qw: Plans: Normal
     0 | D:1      | 0 ||| PLANNING D:1-11
   170 | D:1      | Reached skill level 6 in Ranged Weapons
   170 | D:1      | Reached XP level 2. HP: 16/16 MP: 4/4
   571 | D:1      | 571 ||| UPGRADING to +0 scale mail.
   581 | D:1      | 581 ||| DROPPING +0 leather armour.
   582 | D:1      | 582 ||| READING 2 scrolls labelled KYTEIF WERAEW.
   583 | D:1      | 583 ||| READING scroll labelled ISHIUNN SUZEPN.
   584 | D:1      | 584 ||| DROPPING scroll of blinking.
   585 | D:1      | 585 ||| DROPPING scroll of butterflies.
   616 | D:2      | 616 ||| STAIRDANCE
   648 | D:2      | 648 ||| STAIRDANCE
   769 | D:2      | Reached XP level 3. HP: 20/20 MP: 5/5
  1098 | D:2      | Found a faded altar of an unknown god.
  1100 | D:2      | 1100 ||| UPGRADING to +0 ring mail.
  1110 | D:2      | 1110 ||| DROPPING +0 scale mail.
  1149 | D:3      | 1149 ||| STAIRDANCE
  1151 | D:2      | HP: 4/20 [goblin/+0 dagger of speed (2)]
  1153 | D:2      | HP: 1/20 [goblin/+0 dagger of speed (2)]
  1154 | D:2      | Slain by a jackal

Levels and vault maps discovered:
D:1:      dpeg_arrival_arbitrary_c, layout_basic
D:2:      layout_rooms, hellmonk_ecumenical_altar_leap_of_faith,
          nicolae_figureground_sparkle
D:3:      layout_basic

Skill      XL: |  1 |
---------------+----+-----
Ranged Weapons | 6 |  6.9
Fighting       | |  1.5
Dodging        | |  2.4
Stealth        | |  1.2

Action                     || total
---------------------------++-------
   Fire: Shortbow          ||    95
    Use: Scroll            ||     2
 Armour: Leather armour    ||     2
         Scale mail        ||    15
         Ring mail         ||    18
  Dodge: Dodged            ||    48

Table legend:
 A = Non-vault XP
 B = Vault XP
 C = Vault XP percentage of total XP
 D = Non-vault monster count
 E = Vault monster count
 F = Vault count percentage of total count
                 A         B        C        D         E       F
            +---------+---------+-------+---------+---------+-------
      Total |      60 |       0 |   0.0 |      34 |       0 |   0.0
            +---------+---------+-------+---------+---------+-------
        D:1 |      33 |       0 |   0.0 |      18 |       0 |   0.0
        D:2 |      23 |       0 |   0.0 |      14 |       0 |   0.0
        D:3 |       4 |       0 |   0.0 |       2 |       0 |   0.0
            +---------+---------+-------+---------+---------+-------
